 Dungeon Crawl Stone Soup version 0.23.2-40-g277498a001 (webtiles) character file.

Game seed: 2220527054719415797

49 DildoBatman the Magician (level 4, 0/30 HPs)
             Began as a Formicid Wizard on Aug 13, 2019.
             Slain by a kobold
             ... wielding a +0 club
              (1 damage)
             ... on level 2 of the Dungeon.
             The game lasted 00:04:02 (1283 turns).

DildoBatman the Magician (Formicid Wizard)          Turns: 1283, Time: 00:04:02

Health: 0/30       AC:  2    Str: 12    XL:     4   Next: 1%
Magic:  3/8        EV: 12    Int: 18    God:
Gold:   73         SH:  0    Dex:  9    Spells: 2/9 levels left

rFire    . . .     SeeInvis +   b - +0 hunting sling
rCold    . . .     Gourm    .   (no shield)
rNeg     . . .     Faith    .   k - +0 robe
rPois    .         Spirit   .   (helmet unavailable)
rElec    .         Reflect  .   (no cloak)
rCorr    .         Harm     .   (no gloves)
MR       .....                  (no boots)
Stlth    ++........             (no amulet)
HPRegen  0.10/turn              (no ring)
MPRegen  0.11/turn              (no ring)

@: no status effects
A: permanent stasis, dig shafts and tunnels, four strong arms, antennae 3
a: Dig, Shaft Self


You were on level 2 of the Dungeon.
You were not hungry.

You visited 1 branch of the dungeon, and saw 2 of its levels.

You collected 73 gold pieces.

Inventory:

Hand Weapons
 a - a +2 hand axe of flaming
 b - a +0 hunting sling (weapon)
Missiles
 h - 28 stones (quivered)
 l - a throwing net
Armour
 k - a +0 robe (worn)
Scrolls
 c - a scroll of enchant weapon {unknown}
 d - a scroll of remove curse {unknown}
 e - a scroll of teleportation {unknown}
 i - 2 scrolls of identify {unknown}
Potions
 f - a potion of agility {unknown}
 j - 2 potions of might {unknown}
Comestibles
 v - 2 rations


   Skills:
 - Level 1.7 Dodging
 - Level 2.4 Stealth
 - Level 3.2 Spellcasting
 * Level 3.2 Conjurations
   Level 1.0 Summonings
   Level 0.8 Translocations


You had 2 spell levels left.
You knew the following spells:

 Your Spells              Type           Power        Failure   Level  Hunger
a - Conjure Flame         Conj/Fire      #.......     24%         3    ###....
c - Magic Dart            Conj           ##..         4%          1    None
e - Mephitic Cloud        Conj/Pois/Air  #.......     30%         3    ###....

Your spell library contained the following spells:

 Spells                   Type           Power        Failure   Level  Hunger
 Call Imp                 Summ           #.......     16%         2    ##.....
 Slow                     Hex            #.......     24%         2    ##.....
 Blink                    Tloc           Unusable     N/A         2    N/A

Dungeon Overview and Level Annotations

Branches:
Dungeon (2/15)

Altars:


Innate Abilities, Weirdness & Mutations

You cannot be hasted, slowed, berserked, paralysed or teleported.
You can dig through walls and to a lower floor.
Your four strong arms can wield two-handed weapons with a shield.
You have a pair of large antennae on your head. (SInv)


Message History

The hobgoblin closely misses you. What are your orders? t - Shout!
Orders for allies: a - Attack new target. r - Retreat! s - Stop attacking. g - Guard the area. f - Follow me.
Anything else - Cancel.
You shout for attention!
The kobold misses you. The goblin hits you but does no damage.
The hobgoblin hits you. What are your orders? t - Shout!
Orders for allies: a - Attack new target. r - Retreat! s - Stop attacking. g - Guard the area. f - Follow me.
Anything else - Cancel.
You shout for attention!
The kobold hits you with a +0 club.
You die...

#.###g##...####
#.#...<.......# {
..#.#..#...##.#
(#...........#.#
............#.#.#
#♣♣♣♣♣♣.♣♣...#.#.#
♣♣ ♣♣S##.#.#
♣Kg#.#.# ♣♣@#<#.#
♣g.##.# ♣.....#
♣...#### ♣..♣..#
♣.♣♣..# ♣.♣ ...#
... ....# ..
######


You could see an adder, a hobgoblin, a goblin and a kobold.

Vanquished Creatures
  2 adders (D:2)
  A dart slug (D:1)
  A leopard gecko (D:1)
  A giant cockroach (D:1)
  4 hobgoblins (D:1)
  3 bats (D:1)
  4 frilled lizards
  4 goblins (D:1)
  2 kobolds (D:1)
  11 rats
33 creatures vanquished.

Notes
Turn   | Place    | Note
-------+----------+-------------------------------------------
     0 | D:1      | DildoBatman the Formicid Wizard began the quest for the
                  | Orb.
     0 | D:1      | Reached XP level 1. HP: 13/13 MP: 4/4
     3 | D:1      | Reached skill level 1 in Conjurations
   306 | D:1      | Reached XP level 2. HP: 19/19 MP: 0/6
   817 | D:1      | Reached XP level 3. HP: 24/24 MP: 7/7
   822 | D:1      | Learned a level 3 spell: Conjure Flame
   826 | D:1      | Learned a level 3 spell: Mephitic Cloud
  1264 | D:2      | Reached XP level 4. HP: 30/30 MP: 0/8
  1282 | D:2      | HP: 1/30 [hobgoblin (3)]
  1283 | D:2      | Slain by a kobold

Skill      XL: |  1  2  3 |
---------------+----------+-----
Conjurations   | 1 2 3 |  3.2
Dodging        | |  1.7
Stealth        | |  2.4
Spellcasting   | |  3.2
Summonings     | |  1.0
Translocations | |  0.8

Action                   |  1- 3 |  4- 6 || total
-------------------------+-------+-------++-------
Melee: Unarmed           |     2 |       ||     2
       Club              |    15 |       ||    15
 Fire: Hunting sling     |     4 |       ||     4
 Cast: Magic Dart        |    79 |     1 ||    80
 Abil: Dig               |     4 |       ||     4
 Stab: Sleeping          |     1 |       ||     1
  Eat: Chunk             |     1 |       ||     1
Armor: Robe              |     6 |     2 ||     8
Dodge: Dodged            |    27 |    21 ||    48
